cohdb
Replays
Latest Replays
All Replays
Popular Replays
Top Player Replays
Match Explorer
How It Works
Community
CoH3 Stats
Reddit
Sign in to upload your games and track your stats! →
Sign in with Steam
Match 41518453
Unlisted
Match 41518453
Overview
Messages
Build Orders
End
Construct Barracks
Selects Advanced Infantry Battlegroup
Riflemen Squad
Riflemen Squad
M1 Mortar Team
M1 Mortar Team
Construct Medical Station
Infantry Support Center
Selects Artillery Observers
Grenade Package
Construct Weapon Support Center
Bazooka Squad
Improved M9 Bazooka Rockets
Riflemen Squad
Bazooka Squad
M1918 Browning Automatic Rifles
Selects M2A1 105mm Howitzer Emplacement
Engineer Squad
Construct Tank Depot
6block
Dar
Navy_CL
KazakBoss4
Howdenn
PoppaMies
PotatoHead
GrayFox
0
0
Comments
sign in to comment!
No comments posted yet!